 Dungeon Sprint DCSS version 0.31-a0-149-g3fdcc5976a (webtiles) character file.

Game seed: 13650178168485204953

24175 rocky1 the Executioner (level 12, -7/132 HPs)
             Began as a Minotaur Gladiator on June 7, 2023.
             Was the Champion of Okawaru.
             Mangled by a death cob (11 damage)
             ... in the Dungeon (Sprint VII: "The Pits") on June 8, 2023.
             The game lasted 00:12:58 (4347 turns).

rocky1 the Executioner (Minotaur Gladiator)         Turns: 4347, Time: 00:12:58

Health: -7/132     AC: 20    Str: 27    XL:     12   Next: 78%
Magic:  13/13      EV: 17    Int:  5    God:    Okawaru [******]
Gold:   19         SH:  0    Dex: 12    Spells: 11/11 levels left

rFire   . . .        a - +2 battleaxe (drain)
rCold   . . .        (shield currently unavailable)
rNeg    + . .        r - +4 chain mail
rPois   .            c - +0 hat
rElec   .            (no cloak)
rCorr   .            n - -2 pair of gloves "Vahop" {rN+ Will+}
SInv    .            H - +1 pair of boots {Stlth+}
Will    +....        (no amulet)
Stlth   +            d - +3 ring of evasion
HPRegen 0.42/turn    p - +3 ring of strength
MPRegen 0.13/turn

%: no teleportation
@: slowed, very slow
A: horns 2, retaliatory headbutt
a: Renounce Religion, Heroism, Finesse


You were in the Dungeon.
You worshipped Okawaru.
Okawaru was exalted by your worship.
You visited 1 branch You collected 19 gold pieces.

Inventory:

Hand Weapons
 a - a +2 battleaxe of draining (weapon)
 b - the +7 Spriggan's Knife {stab, EV+4 Stlth+}
   (You found it in the Dungeon)

   Stab:      It is more effective when stabbing unaware enemies, sometimes
   treating them as though they were completely helpless.
   EV:        It affects your evasion (+4).
   Stlth:     It makes you more stealthy.
 t - a +2 scimitar of flaming
 u - a +2 war axe of freezing
 v - a +2 morningstar of protection
 I - the +10 dark maul {heavy}
   (You found it in the Dungeon)
Missiles
 e - a javelin
 o - a curare-tipped dart
 w - 3 poisoned darts
 z - 4 boomerangs (quivered)
 J - 3 atropa-tipped darts
 K - a silver javelin
Armour
 c - a +0 hat (worn)
 n - the -2 pair of gloves "Vahop" (worn) {rN+ Will+}
   (Okawaru gifted it to you in the Dungeon)

   rN:        It protects you from negative energy.
   Will:      It increases your willpower.
 r - a +4 chain mail (worn)
 H - a +1 pair of boots of stealth (worn)
Jewellery
 d - a +3 ring of evasion (left hand)
 p - a +3 ring of strength (right hand)
 s - the amulet "Appiarec" {Reflect rPois rF+ Dex+3 SH+5}
   (You found it in the Dungeon)

   [amulet of reflection]

   It reflects blocked missile attacks.
   Dex:       It affects your dexterity (+3).
   rF:        It protects you from fire.
   rPois:     It protects you from poison.
   SH:        It affects your SH (+5).
 y - a ring of ice
 F - a ring of protection from cold
Scrolls
 m - 5 scrolls of amnesia
 A - 4 scrolls of enchant weapon
 B - a scroll of fear
 C - 2 scrolls of blinking
 D - a scroll of fog
 E - 4 scrolls of identify
Potions
 f - 10 potions of curing
 g - a potion of heal wounds
 h - 4 potions of haste
 i - 4 potions of magic
 j - 5 potions of berserk rage
 k - a potion of might
 l - 2 potions of invisibility
 q - 2 potions of mutation
 x - 2 potions of brilliance
 G - a potion of attraction


   Skills:
 + Level 19.6 Fighting
 + Level 5.6 Long Blades
 + Level 23.4(23.7) Axes
 * Level 6.6(16.7) Maces & Flails
 + Level 7.5 Throwing
 + Level 16.1 Armour
 + Level 13.9 Dodging
 + Level 5.2 Stealth
 + Level 3.6 Invocations


You had 11 spell levels left.
You didn't know any spells.
Your spell library contained the following spells:

 Spells                   Type           Power      Damage    Failure   Level
 Portal Projectile        Hex/Tloc       0%         N/A       99%         3
 Blade Hands              Tmut           0%         N/A       100%        5
 Tukima's Dance           Hex            Unusable   N/A       N/A         3
 Summon Ice Beast         Ice/Summ       Unusable   N/A       N/A         4
 Summon Mana Viper        Hex/Summ       Unusable   N/A       N/A         5
 Monstrous Menagerie      Summ           Unusable   N/A       N/A         7

Dungeon Overview and Level Annotations

Branches:
Dungeon (1/1)

Altars:
Ashenzari
Cheibriados
Dithmenos
Elyvilon
Fedhas
Gozag
Hepliaklqana
Kikubaaqudgha
Makhleb
Nemelex Xobeh
Okawaru
Qazlal
Ru
Sif Muna
Trog
Uskayaw
Vehumet
Wu Jian
Xom
Yredelemnul
Zin
The Shining One
Jiyva
Lugonu


Innate Abilities, Weirdness & Mutations

You have a pair of horns on your head.
You reflexively headbutt those who attack you in melee.


Message History

The death cob drains your vigour!
You feel as though you will be slow longer.
The death cob barely misses you.
A small abomination comes into view.
A hellwing comes into view.
The death cob barely misses you. You furiously retaliate!
You headbutt the death cob, but do no damage.
You barely miss the death cob.
The death cob is almost destroyed.
The death cob hits you but does no damage. x2
The hellwing swoops through the air toward you!
The hellwing misses you. You furiously retaliate!
You headbutt the hellwing. The hellwing barely misses you.
The death cob hits you!
* * * LOW HITPOINT WARNING * * *
You feel much better. The death cob barely misses you. The death cob hits you!
* * * LOW HITPOINT WARNING * * *
The hellwing closely misses you.
The hellwing hits you but does no damage.
The death cob completely misses you. You furiously retaliate!
You headbutt the death cob. The hellwing barely misses you. x2
Unknown command.
You slash the death cob! Your headbutt misses the death cob.
The death cob is almost destroyed.
You slash the hellwing! The death cob hits you!
* * * LOW HITPOINT WARNING * * *
The death cob drains your vigour!
You feel as though you will be slow longer.
The death cob hits you but does no damage.
The death cob closely misses you. The hellwing hits you!
* * * LOW HITPOINT WARNING * * *
The hellwing closely misses you.
You feel much better. The death cob hits you!!
* * * LOW HITPOINT WARNING * * *
The death cob drains your vigour!
You feel as though you will be slow longer.
The death cob hits you but does no damage.
The death cob barely misses you. The hellwing hits you.
* * * LOW HITPOINT WARNING * * *
The hellwing hits you but does no damage.
The death cob hits you!
You die...

#..........#
##########..#....#..#
........''..........#
........''..........#
######..##..#....#..#
#.# #..##..........+
#.##..##..........+
#x#)4####''####''#
#z@.####''####''###
#[#..##......##.....
###..##.#+##.##...[†
...##.#..')##..###
....## +..#)##..#
###### #|.+.##..#
#######++##########
+..#.##..#
..............##..#
##+#.##..#
....#..#......##..#
..##..#


You could see a death cob, a hellwing and a small abomination.

Vanquished Creatures
  A ghost moth (D)
  A merfolk impaler (D)
  An eidolon (D)
  An ettin (D)
  A deep elf high priest (D)
  An ice dragon (D)
  A hydra (D)
  Erolcha (D)
  2 alligators (D)
  A boulder beetle (D)
  A vampire mage (D)
  A sun demon (D)
  A shadow wraith (D)
  A deep troll (D)
  A spriggan druid (D)
  2 sea snakes (D)
  2 flayed ghosts (D)
  A phantasmal warrior (D)
  Pikel (D)
  A moth of wrath (D)
  A smoke demon (D)
  2 eyes of devastation (D)
  2 black mambas (D)
  A gargoyle (D)
  A cane toad (D)
  3 kobold demonologists (D)
  A rime drake (D)
  A komodo dragon (D)
  2 freezing wraiths (D)
  A guardian mummy (D)
  An ice devil (D)
  2 red devils (D)
  Grinder (D)
  A tyrant leech (D)
  2 tarantellas (D)
  A hornet (D)
  3 merfolk (D)
  A polar bear (shapeshifter) (D)
  A snapping turtle (D)
  5 dream sheep (D)
  A flying skull (D)
  A large abomination (D)
  A spriggan (D)
  An air elemental (D)
  2 shadows (D)
  4 yaks (D)
  A basilisk (D)
  A wyvern (D)
  A chaos spawn (D)
  A steam dragon (D)
  A redback (D)
  A warg (D)
  A floating eye (D)
  A swamp drake (D)
  An ice beast (D)
  A centaur (D)
  4 wolves (D)
  An ogre (D)
  2 kobold brigands (D)
  A bullfrog (D)
  2 scorpions (D)
  4 wights (D)
  5 killer bees (D)
  A crimson imp (D)
  A jelly (D)
  An orc priest (D)
  A hound (D)
  An iron imp (D)
  Ijyb (D)
  An iguana (D)
  An orc wizard (D)
  An adder (D)
  An ufetubus (D)
  An adder skeleton (D)
  A worm (D)
  2 orcs (D)
  An endoplasm (D)
  A giant cockroach (D)
  A goblin (D)
  2 hobgoblins (D)
  3 jackals (D)
  A quokka (D)
  A ball python (D)
  A ball python zombie (D)
  A giant cockroach simulacrum (D)
  A giant cockroach zombie (D)
  4 kobolds (D)
  A rat (D)
127 creatures vanquished.

Vanquished Creatures (others)
  An orc (D)
1 creature vanquished.

Grand Total: 128 creatures vanquished

Notes
Turn   | Place    | Note
-------+----------+-------------------------------------------
     0 | D        | rocky1 the Minotaur Gladiator began the quest for the Orb.
     0 | D        | Reached XP level 1. HP: 18/18 MP: 0/0
    16 | D        | Found a bloodstained altar of Trog.
    16 | D        | Found a shimmering blue altar of Sif Muna.
    16 | D        | Found a viscous altar of Jiyva.
    16 | D        | Found a hazy altar of Hepliaklqana.
    16 | D        | Found an opulent altar of Gozag.
    17 | D        | Found a glowing golden altar of the Shining One.
    17 | D        | Found a glowing silver altar of Zin.
    17 | D        | Found a basalt altar of Yredelemnul.
    17 | D        | Found a shimmering altar of Xom.
    17 | D        | Found an ornate altar of the Wu Jian Council.
    17 | D        | Found a sacrificial altar of Ru.
    17 | D        | Found a stormy altar of Qazlal.
    17 | D        | Found an iron altar of Okawaru.
    17 | D        | Found a sparkling altar of Nemelex Xobeh.
    17 | D        | Found a burning altar of Makhleb.
    17 | D        | Found a blossoming altar of Fedhas.
    17 | D        | Found a white marble altar of Elyvilon.
    17 | D        | Found a shadowy altar of Dithmenos.
    17 | D        | Found a snail-covered altar of Cheibriados.
    20 | D        | Found a corrupted altar of Lugonu.
    20 | D        | Found a radiant altar of Vehumet.
    21 | D        | Found an ancient bone altar of Kikubaaqudgha.
    21 | D        | Found a hide-covered altar of Uskayaw.
    21 | D        | Found a broken altar of Ashenzari.
    25 | D        | Became a worshipper of Warmaster Okawaru
    66 | D        | Reached skill level 4 in Axes
   186 | D        | Noticed a scorpion
   188 | D        | Noticed Ijyb
   193 | D        | Killed a scorpion
   193 | D        | Reached * piety under Okawaru
   194 | D        | Reached skill level 6 in Axes
   194 | D        | Reached skill level 1 in Armour
   194 | D        | Reached XP level 2. HP: 27/27 MP: 1/1
   194 | D        | Reached XP level 3. HP: 33/33 MP: 2/2
   208 | D        | Killed Ijyb
   209 | D        | Reached skill level 7 in Axes
   209 | D        | Reached XP level 4. HP: 34/40 MP: 3/3
   403 | D        | Noticed a scorpion
   403 | D        | Noticed a warg
   414 | D        | Killed a warg
   414 | D        | Reached ** piety under Okawaru
   415 | D        | Reached skill level 5 in Fighting
   415 | D        | Reached skill level 9 in Axes
   415 | D        | Reached skill level 1 in Stealth
   415 | D        | Reached XP level 5. HP: 24/48 MP: 4/4
   418 | D        | Reached XP level 6. HP: 30/57 MP: 5/5
   786 | D        | Noticed Grinder
   790 | D        | Killed Grinder
   791 | D        | Reached skill level 11 in Axes
   791 | D        | Reached skill level 5 in Throwing
   791 | D        | Reached skill level 10 in Dodging
   791 | D        | Reached XP level 7. HP: 51/64 MP: 6/6
  1050 | D        | Noticed a snapping turtle
  1056 | D        | Killed a snapping turtle
  1057 | D        | Reached skill level 5 in Armour
  1058 | D        | Noticed Pikel
  1076 | D        | Killed Pikel
  1076 | D        | Reached *** piety under Okawaru
  1077 | D        | Reached skill level 12 in Axes
  1077 | D        | Reached XP level 8. HP: 40/74 MP: 7/7
  1389 | D        | Reached skill level 13 in Axes
  1393 | D        | Reached **** piety under Okawaru
  1628 | D        | Noticed an eye of devastation
  1628 | D        | Noticed a dream sheep
  1628 | D        | Noticed a dream sheep
  1628 | D        | Noticed a dream sheep
  1628 | D        | Noticed a dream sheep
  1628 | D        | Noticed a dream sheep
  1635 | D        | Killed a dream sheep
  1635 | D        | Killed a dream sheep
  1636 | D        | Reached skill level 14 in Axes
  1636 | D        | Killed a dream sheep
  1637 | D        | Killed a dream sheep
  1638 | D        | Reached XP level 9. HP: 59/84 MP: 5/8
  1640 | D        | Killed an eye of devastation
  1640 | D        | Reached ***** piety under Okawaru
  1641 | D        | Reached skill level 10 in Fighting
  1641 | D        | Reached skill level 15 in Axes
  1641 | D        | Reached skill level 1 in Invocations
  1912 | D        | Noticed a sea snake
  1927 | D        | Reached skill level 5 in Stealth
  1927 | D        | Killed a sea snake
  1928 | D        | Reached skill level 16 in Axes
  1928 | D        | Reached skill level 10 in Armour
  2048 | D        | Noticed a boulder beetle
  2066 | D        | Killed a boulder beetle
  2066 | D        | Received a gift from Okawaru
  2067 | D        | Reached skill level 17 in Axes
  2067 | D        | Reached XP level 10. HP: 88/96 MP: 10/10
  2083 | D        | Found the +7 Spriggan's Knife {stab, EV+4 Stlth+}
  2083 | D        | Noticed a four-headed hydra
  2083 | D        | Noticed a flayed ghost
  2083 | D        | Noticed a black mamba
  2090 | D        | Killed a black mamba
  2091 | D        | Noticed an orange demon
  2096 | D        | Killed a one-headed hydra
  2097 | D        | Reached skill level 1 in Long Blades
  2099 | D        | Reached skill level 18 in Axes
  2105 | D        | Killed a flayed ghost
  2105 | D        | Reached ****** piety under Okawaru
  2111 | D        | Identified the -2 pair of gloves "Vahop" {rN+ Will+}
                  | (Okawaru gifted it to you in the Dungeon)
  2111 | D        | Received a gift from Okawaru
  2184 | D        | Reached skill level 19 in Axes
  2425 | D        | Noticed an alligator
  2425 | D        | Noticed an alligator
  2439 | D        | Killed an alligator
  2440 | D        | Reached XP level 11. HP: 29/107 MP: 12/12
  2445 | D        | Killed an alligator
  2794 | D        | Noticed a sea snake
  2815 | D        | Killed a sea snake
  2816 | D        | Reached skill level 20 in Axes
  2824 | D        | Reached skill level 5 in Long Blades
  2846 | D        | Reached skill level 15 in Fighting
  2849 | D        | Killed a shadow wraith
  3332 | D        | Reached skill level 21 in Axes
  3719 | D        | Noticed a spriggan druid
  3728 | D        | Killed a spriggan druid
  3728 | D        | Received a gift from Okawaru
  3900 | D        | Found the +10 dark maul {heavy}
  3900 | D        | Noticed a deep elf high priest
  3900 | D        | Noticed an ettin
  3900 | D        | Noticed an ice dragon
  3900 | D        | Noticed an eidolon
  3905 | D        | Killed an eidolon
  3907 | D        | Killed an ettin
  3908 | D        | Reached skill level 22 in Axes
  3908 | D        | Reached XP level 12. HP: 100/125 MP: 0/13
  3911 | D        | Killed a ghost moth
  3915 | D        | Killed a deep elf high priest
  3916 | D        | Reached skill level 15 in Armour
  3920 | D        | Killed an ice dragon
  3928 | D        | Got the amulet "Appiarec" {Reflect rPois rF+ Dex+3 SH+5}
  4264 | D        | Reached skill level 1 in Maces & Flails
  4274 | D        | Noticed Erolcha
  4287 | D        | Killed Erolcha
  4288 | D        | Received a gift from Okawaru
  4294 | D        | Reached skill level 23 in Axes
  4295 | D        | Noticed a merfolk impaler
  4302 | D        | Killed a merfolk impaler
  4303 | D        | Reached skill level 5 in Maces & Flails
  4306 | D        | Received a gift from Okawaru
  4309 | D        | Noticed a vampire mage
  4324 | D        | Killed a vampire mage
  4335 | D        | Received a gift from Okawaru
  4336 | D        | Noticed a death cob
  4344 | D        | HP: 1/132 [death cob (10)]
  4347 | D        | Mangled by a death cob

Illustrated notes

Levels and vault maps discovered:
D:        pitsprint [storerooms_1, entrance_room_1, metal_vault_1, armoury_2,
          mini_pit_1, grid_room_1, main_hall_1, silver_pit, the_coven_3,
          the_vestibule_1, steel_vault_5, golden_pit, hallway_of_sentries,
          crystal_vault_4, iron_vault_1, final_vault]

Skill      XL: |  1  2  3  4  5  6  7  8  9 10 11 12 |
---------------+-------------------------------------+-----
Axes           | 6 7 9 11 12 14 17 19 22 23 | 23.4
Dodging        | 6 8 10 11 12 13 | 13.9
Fighting       | 3 4 5 6 8 9 11 13 17 19 | 19.6
Throwing       | 3 4 5 6 7 |  7.5
Armour         | 1 3 4 6 8 11 12 14 16 | 16.1
Stealth        | 1 2 3 4 5 |  5.2
Invocations    | 1 2 3 |  3.6
Long Blades    | 3 5 |  5.6
Maces & Flails | 6 |  6.6

Action                     |  1- 3 |  4- 6 |  7- 9 | 10-12 || total
---------------------------+-------+-------+-------+-------++-------
  Melee: War axe           |    19 |    19 |    76 |    10 ||   124
         Headbutt          |     6 |     4 |    13 |    35 ||    58
         Punch             |       |       |     3 |       ||     3
         Battleaxe         |       |       |       |   212 ||   212
         Scimitar          |       |       |       |     4 ||     4
  Throw: Throwing net      |     2 |     1 |       |       ||     3
         Javelin           |       |       |     1 |     2 ||     3
         Boomerang         |       |       |       |     2 ||     2
 Invoke: Heroism           |       |       |     3 |     3 ||     6
    Use: Potion            |       |       |     1 |    12 ||    13
         Scroll            |       |       |       |     1 ||     1
   Stab: Held in net/web   |       |     2 |       |       ||     2
 Armour: Leather armour    |     2 |       |       |       ||     2
         Scale mail        |       |     5 |     9 |       ||    14
         Chain mail        |       |       |    22 |    77 ||    99
  Dodge: Dodged            |    17 |     8 |    59 |   170 ||   254

Table legend: (Time is in decaauts)
 A = Elapsed time spent in this place.
 B = Non-inter-level travel time spent in this place.
 C = Inter-level travel time spent in this place.
 D = Time resting spent in this place.
 E = Time spent auto-exploring this place.
 F = Levels seen in this place.
 G = Mean time per level.
                   A        B        C        D        E       F      G
               +--------+--------+--------+--------+--------+-----+--------+
         Total |   4286 |   4224 |     62 |   3226 |      0 |   1 | 4286.0 |
       Dungeon |   4286 |   4224 |     62 |   3226 |      0 |   1 | 4286.0 |
               +--------+--------+--------+--------+--------+-----+--------+

Top non-repeatable levels by time:
       D: 4286 daAuts
